[Event "Titled Tuesday Blitz June 20 Early 2023"]
[White "Vaibhav Jayant Raut"]
[Black "Rizzo, Tobias"]
[WhiteFideId "5089034"]
[BlackFideId "30942691"]
[WhiteElo "2156"]
[BlackElo "2472"]
[Result "1/2-1/2"]
[Round "3"]
[TimeControl "180+2"]
[Date "2023.06.20"]
[WhiteClock "0:00:30"]
[BlackClock "0:00:13"]
[Board "64"]

1. e4 c5 2. Nf3 e6 3. d4 cxd4 4. Nxd4 Nf6 5. Bd3 Nc6 6. Nxc6 bxc6 7. c4 d5 8. cxd5 cxd5 9. exd5 exd5 10. O-O Be7 11. Nc3 O-O 12. h3 Bb7 13. Be3 a6 14. Bd4 Re8 15. Qf3 Qd6 16. Rfe1 Nd7 17. Ne2 Bf6 18. Bxf6 Qxf6 19. Qxf6 Nxf6 20. Nd4 g6 21. Rac1 Rxe1+ 22. Rxe1 Re8 23. Rc1 Rc8 24. Rxc8+ Bxc8 25. Kf1 Kf8 26. Ke2 Ke7 27. b4 Kd6 28. a4 Nd7 29. f4 f5 30. g4 fxg4 31. hxg4 Nf6 32. f5 g5 33. Ne6 h6 34. Kf3 Nd7 35. Be2 Ne5+ 36. Ke3 Bxe6 37. fxe6 Nc6 38. Bxa6 d4+ 39. Ke4 Nxb4 40. Bc4 d3 41. Bxd3 Kxe6 42. a5 Kf6 43. Bb5 Ke6 44. a6 Nxa6 45. Bxa6 h5 46. gxh5 Kf6 47. Bf1 Kg7 48. Bh3 Kh8 49. Bg4 Kg7 50. Kf5 Kh8 51. Kf6 Kh7 52. Kf7 Kh6 53. Kf8 Kh7 54. Bf3 g4 55. Bxg4 Kh8 56. Kf7 Kh7 57. Kf6 Kh8 58. Kf5 Kg7 59. Kg5 Kh8 60. Kh6 Kg8 61. Bf5 Kh8 62. Kg6 Kg8 63. h6 Kh8 64. Kg5 Kg8 65. Kh5 Kh8 66. Bg6 Kg8 67. h7+ Kh8 68. Kg5 Kg7 69. Be4 Kh8 70. Kh6 1/2-1/2


[Site "https://www.chess.com"]

[Event "Titled Tuesday Blitz June 20 Early 2023"]
[White "Agibileg, Uurtsaikh"]
[Black "Manukian, Artak"]
[WhiteFideId "4901606"]
[BlackFideId "13301373"]
[WhiteElo "2353"]
[BlackElo "2130"]
[Result "1-0"]
[Round "3"]
[TimeControl "180+2"]
[Date "2023.06.20"]
[WhiteClock "0:01:19"]
[BlackClock "0:00:26"]
[Board "65"]

1. d4 Nf6 2. c4 e6 3. Nc3 d5 4. cxd5 exd5 5. Bg5 c6 6. e3 Bf5 7. Qf3 Bg6 8. Bxf6 Qxf6 9. Qxf6 gxf6 10. Nf3 Nd7 11. Nh4 h5 12. g3 Bh6 13. Ng2 Be4 14. Nxe4 dxe4 15. Nh4 Kf8 16. Nf5 Re8 17. h4 Kg8 18. Be2 Bf8 19. O-O Nb6 20. Rfc1 Nd5 21. Bc4 Nb6 22. Be2 Nd5 23. a3 a5 24. b3 Rd8 25. Kh2 Ne7 26. Nxe7+ Bxe7 27. b4 axb4 28. axb4 Kg7 29. b5 cxb5 30. Bxb5 Rc8 31. Bd7 Rxc1 32. Rxc1 Kg6 33. Rc7 Rb8 34. Bb5 Bd8 35. Rd7 f5 36. Rd5 Kf6 37. Bd7 Ke7 38. Bxf5 b5 39. Bxe4 b4 40. Bd3 b3 41. Rb5 Rxb5 42. Bxb5 b2 43. Bd3 Ba5 44. Kg2 Kd6 45. Kf3 Kc6 46. Ke2 Kb6 47. Kd1 Bc3 48. f3 Ka5 49. g4 hxg4 50. fxg4 Bb4 51. Kc2 Be7 52. g5 1-0


[Site "https://www.chess.com"]

[Event "Titled Tuesday Blitz June 20 Early 2023"]
[White "Luo, Terry"]
[Black "Stepanencu, Nicodim-Cosmin"]
[WhiteFideId "30931045"]
[BlackFideId "1256220"]
[WhiteElo "2265"]
[BlackElo "2154"]
[Result "0-1"]
[Round "3"]
[TimeControl "180+2"]
[Date "2023.06.20"]
[WhiteClock "0:00:30"]
[BlackClock "0:00:44"]
[Board "66"]

1. d4 g6 2. c4 Bg7 3. e4 c5 4. d5 d6 5. h3 Nf6 6. Nc3 a6 7. a4 e6 8. Nf3 exd5 9. exd5 O-O 10. Bd3 Re8+ 11. Be3 Nbd7 12. O-O b6 13. Qd2 Bb7 14. Bf4 Ne5 15. Nxe5 dxe5 16. Bg5 h6 17. Bxh6 Bh8 18. Bg5 Qd6 19. Rae1 Nh7 20. Bh6 f5 21. Bb1 Qf6 22. g4 e4 23. f3 Qh4 24. fxe4 fxg4 25. hxg4 g5 26. Qh2 Qxg4+ 27. Kh1 Be5 28. Qg2 Qh4+ 29. Kg1 Bd4+ 30. Rf2 Qxh6 31. e5 Rf8 32. Rf1 Rxf2 33. Rxf2 0-1


[Site "https://www.chess.com"]

[Event "Titled Tuesday Blitz June 20 Early 2023"]
[White "i_like_explosions"]
[Black "Eugene, Floryan"]
[BlackFideId "20694784"]
[WhiteElo "2400"]
[BlackElo "2369"]
[Result "0-1"]
[Round "3"]
[TimeControl "180+2"]
[Date "2023.06.20"]
[WhiteClock "0:00:38"]
[BlackClock "0:00:26"]
[Board "67"]

1. d4 f5 2. g3 Nf6 3. Bg2 g6 4. c4 Bg7 5. Nf3 O-O 6. O-O d6 7. Nc3 c6 8. b3 Qc7 9. Qc2 e5 10. dxe5 dxe5 11. Ba3 Re8 12. e4 Nxe4 13. Nxe4 fxe4 14. Qxe4 Bf5 15. Qe2 e4 16. Rad1 Nd7 17. Ng5 Nf6 18. Bd6 Qa5 19. Bh3 h6 20. Bxf5 Qxf5 21. g4 Qxg4+ 22. Qxg4 Nxg4 23. Nh3 e3 24. Rfe1 Bc3 25. Re2 exf2+ 26. Kf1 Ne3+ 27. Rxe3 Rxe3 28. Nxf2 Rd8 29. Bc5 Rxd1+ 0-1


[Site "https://www.chess.com"]

[Event "Titled Tuesday Blitz June 20 Early 2023"]
[White "Fajdetic, Hrvoje"]
[Black "Domingo Nunez, Ruben"]
[WhiteFideId "14501945"]
[BlackFideId "22245570"]
[WhiteElo "2185"]
[BlackElo "2404"]
[Result "0-1"]
[Round "3"]
[TimeControl "180+2"]
[Date "2023.06.20"]
[WhiteClock "0:00:00"]
[BlackClock "0:00:41"]
[Board "68"]

1. d4 g6 2. h4 Nf6 3. Nc3 d5 4. Bf4 a6 5. e3 c5 6. h5 Nxh5 7. Rxh5 gxh5 8. Qxh5 Be6 9. Nf3 Nd7 10. Nxd5 Bxd5 11. Qxd5 Qb6 12. O-O-O e6 13. Qh5 Nf6 14. Qh4 Be7 15. Bg5 Nd5 16. dxc5 Bxg5 17. Qxg5 Qxc5 18. e4 Rc8 19. Rd2 Ne7 20. Qg7 Rg8 21. Qxh7 Rd8 22. Bd3 Rxg2 23. b3 Qa3+ 24. Kd1 Qxa2 25. Qh8+ Rg8 26. Qh7 Qa1+ 27. Ke2 Qg7 28. Qh5 Ng6 0-1


[Site "https://www.chess.com"]

[Event "Titled Tuesday Blitz June 20 Early 2023"]
[White "Arat, Ufuk Sezen"]
[Black "Shtompel, Yuriy"]
[WhiteFideId "6309089"]
[BlackFideId "14168278"]
[WhiteElo "2289"]
[BlackElo "1844"]
[Result "1-0"]
[Round "3"]
[TimeControl "180+2"]
[Date "2023.06.20"]
[WhiteClock "0:00:30"]
[BlackClock "0:00:01"]
[Board "69"]

1. e4 c5 2. Nf3 d6 3. d4 cxd4 4. Nxd4 Nf6 5. Nc3 a6 6. Be3 e5 7. Nf3 h6 8. Bc4 Be6 9. Bb3 Nc6 10. h3 Be7 11. O-O O-O 12. Qe2 Rc8 13. Rad1 Qc7 14. Nh4 Bxb3 15. axb3 Nxe4 16. Nxe4 Bxh4 17. Nxd6 Rcd8 18. Nf5 Bg5 19. Qg4 Rxd1 20. Rxd1 Rd8 21. Bxg5 Rxd1+ 22. Qxd1 hxg5 23. Qd2 Qd8 24. Qe3 f6 25. Qe4 g6 26. Qc4+ Kh8 27. Ne3 Qd7 28. h4 gxh4 29. Qxh4+ Kg7 30. Ng4 Qf5 31. Qh6+ Kg8 32. f3 Ne7 33. Qd2 Kf7 34. Qd6 e4 35. Nh6+ 1-0


[Site "https://www.chess.com"]

[Event "Titled Tuesday Blitz June 20 Early 2023"]
[White "Droin, Augustin"]
[Black "Kramnik, Vladimir"]
[WhiteFideId "45105987"]
[BlackFideId "4101588"]
[WhiteElo "2333"]
[BlackElo "2703"]
[Result "0-1"]
[Round "3"]
[TimeControl "180+2"]
[Date "2023.06.20"]
[WhiteClock "0:00:53"]
[BlackClock "0:01:34"]
[Board "70"]

1. e4 c5 2. Nf3 e6 3. d4 cxd4 4. Nxd4 a6 5. g3 d5 6. Nb3 dxe4 7. Qxd8+ Kxd8 8. N1d2 Nf6 9. f3 Nc6 10. Nxe4 Nxe4 11. fxe4 Bd6 12. Bg5+ f6 13. O-O-O Ke7 14. Be3 Ne5 15. Bb6 Bd7 16. Na5 Bc6 17. Nxc6+ Nxc6 18. Be2 Rac8 19. c3 Ne5 20. Bd4 h5 21. h4 Nc6 22. Rhg1 Nxd4 23. Rxd4 Bc5 24. Kd2 Bxd4 25. cxd4 Rhd8 26. Ke3 Rc2 27. Bf3 Rxb2 28. Bxh5 Rxa2 29. Rb1 Ra3+ 30. Kf4 b5 31. Be2 Rxd4 0-1


[Site "https://www.chess.com"]

[Event "Titled Tuesday Blitz June 20 Early 2023"]
[White "Camilla_Lee"]
[Black "Narayanan.S.L"]
[BlackFideId "5058422"]
[WhiteElo "2511"]
[BlackElo "2563"]
[Result "0-1"]
[Round "3"]
[TimeControl "180+2"]
[Date "2023.06.20"]
[WhiteClock "0:00:03"]
[BlackClock "0:00:10"]
[Board "71"]

1. e4 c5 2. Nf3 a6 3. c3 d5 4. exd5 Nf6 5. c4 e6 6. dxe6 Bxe6 7. d4 cxd4 8. Nxd4 Bc5 9. Be3 Qb6 10. Qb3 Bxd4 11. Qxb6 Bxb6 12. Bxb6 Nbd7 13. Be3 Rc8 14. Nd2 O-O 15. Be2 Ne5 16. Rc1 b5 17. b3 bxc4 18. Nxc4 Bxc4 19. bxc4 Nfg4 20. Bf4 Rfe8 21. O-O Rc5 22. h3 Nf6 23. Bxe5 Rexe5 24. Bf3 g6 25. Rfd1 Ra5 26. Rd2 Rec5 27. Kf1 Ra4 28. Bd5 a5 29. Rb1 Rc7 30. Ke2 Ra3 31. Rb3 Ra4 32. Rb5 Kg7 33. Kd3 Ra3+ 34. Kd4 Nd7 35. c5 Ra4+ 36. Bc4 Kf6 37. Kd5 Ne5 38. Rb6+ Kf5 39. Bb3 Rb4 40. Bc2+ Kf4 41. Rxb4+ axb4 42. Rd4+ Kg5 43. c6 Nxc6 44. f4+ Kf6 45. Rc4 Ne7+ 46. Kd4 Rd7+ 47. Kc5 Ra7 48. Kxb4 Rxa2 49. Kb3 Ra7 50. Kc3 Ra3+ 51. Kd4 Rg3 52. Be4 Nf5+ 53. Bxf5 Kxf5 54. Rc7 f6 55. Rxh7 Kxf4 56. Rf7 f5 57. h4 Rxg2 58. Rg7 Kf3 59. Ke5 f4 60. Kf6 Rg4 61. Rxg6 Rxh4 62. Kf5 Rh5+ 63. Ke6 Ra5 64. Rg8 Ke3 65. Rf8 f3 66. Kd6 f2 67. Re8+ Kf4 68. Rf8+ Rf5 0-1


[Site "https://www.chess.com"]

[Event "Titled Tuesday Blitz June 20 Early 2023"]
[White "Tokhirjonova, Gulrukhbegim"]
[Black "Indjic, Aleksandar"]
[WhiteFideId "14203626"]
[BlackFideId "911925"]
[WhiteElo "2265"]
[BlackElo "2614"]
[Result "0-1"]
[Round "3"]
[TimeControl "180+2"]
[Date "2023.06.20"]
[WhiteClock "0:00:03"]
[BlackClock "0:00:41"]
[Board "72"]

1. e4 e5 2. Nf3 Nc6 3. Bb5 Bc5 4. O-O d6 5. c3 a6 6. Ba4 Bg4 7. h3 Bh5 8. d4 Bxf3 9. gxf3 Ba7 10. Be3 b5 11. Bb3 Nge7 12. Kh2 O-O 13. Rg1 Kh8 14. dxe5 dxe5 15. a4 Bxe3 16. fxe3 Qb8 17. axb5 axb5 18. Rxa8 Qxa8 19. Na3 Qa5 20. Qd7 Qb6 21. Qd3 b4 22. Nc4 Qc5 23. f4 Rd8 24. Qe2 bxc3 25. bxc3 Rb8 26. Ba4 exf4 27. exf4 Ng6 28. Rf1 Na5 29. Nxa5 Qxa5 30. Qc4 Rb2+ 31. Kh1 Qh5 32. Bd7 h6 33. Qxf7 Qe2 34. Qe8+ Kh7 35. Qxg6+ Kxg6 36. Rg1+ Kf7 0-1


[Site "https://www.chess.com"]

[Event "Titled Tuesday Blitz June 20 Early 2023"]
[White "Makhnev, Denis"]
[Black "Devaev, Alexander"]
[WhiteFideId "13707647"]
[BlackFideId "4169395"]
[WhiteElo "2515"]
[BlackElo "2172"]
[Result "1-0"]
[Round "3"]
[TimeControl "180+2"]
[Date "2023.06.20"]
[WhiteClock "0:01:10"]
[BlackClock "0:01:29"]
[Board "73"]

1. d4 Nf6 2. c4 e6 3. Nf3 c5 4. d5 d6 5. Nc3 e5 6. e4 a6 7. h3 Be7 8. g4 Nbd7 9. a4 Nf8 10. Be3 Ng6 11. Be2 h6 12. a5 Nh7 13. Qa4+ Bd7 14. Qa3 Rb8 15. b4 cxb4 16. Qxb4 Qc8 17. Na4 Bxa4 18. Qxa4+ Qd7 19. h4 Qxa4 20. Rxa4 Ngf8 21. c5 Nf6 22. cxd6 Bxd6 23. Nd2 N8d7 24. O-O Bc5 25. Bxc5 Nxc5 26. Rc4 Ncd7 27. Rb1 Kd8 28. Rcb4 Ne8 29. Rxb7 Rxb7 30. Rxb7 Nc7 31. Nc4 Nc5 32. Rb8+ 1-0


[Site "https://www.chess.com"]

[Event "Titled Tuesday Blitz June 20 Early 2023"]
[White "angelgab3"]
[Black "Nogerbek, Kazybek"]
[BlackFideId "13710427"]
[WhiteElo "2509"]
[BlackElo "2498"]
[Result "0-1"]
[Round "3"]
[TimeControl "180+2"]
[Date "2023.06.20"]
[WhiteClock "0:00:34"]
[BlackClock "0:01:37"]
[Board "74"]

1. e4 d5 2. exd5 Qxd5 3. Nc3 Qa5 4. d4 Nf6 5. Nf3 Nc6 6. Bb5 Bd7 7. O-O a6 8. Bc4 Bg4 9. h3 Bh5 10. Bd2 Nxd4 11. Ne4 Nxf3+ 12. gxf3 Qf5 13. Ng3 Qxh3 14. Nxh5 Qxh5 15. Bf4 e6 16. Re1 Rd8 17. Qe2 Bd6 18. Bxe6 O-O 19. Bg4 Qg6 20. Bxd6 Rxd6 21. Kh1 Nd5 22. Rad1 h5 23. Bh3 Nf4 24. Qf1 Rxd1 25. Rxd1 Qxc2 0-1


[Site "https://www.chess.com"]

[Event "Titled Tuesday Blitz June 20 Early 2023"]
[White "Akylbek2021"]
[Black "Eljanov, Pavel"]
[BlackFideId "14102951"]
[WhiteElo "2508"]
[BlackElo "2598"]
[Result "1/2-1/2"]
[Round "3"]
[TimeControl "180+2"]
[Date "2023.06.20"]
[WhiteClock "0:00:36"]
[BlackClock "0:00:09"]
[Board "75"]

1. e4 c6 2. d4 d5 3. Nc3 dxe4 4. Nxe4 Bf5 5. Ng3 Bg6 6. h4 h6 7. h5 Bh7 8. Nf3 Nf6 9. Bd3 Bxd3 10. Qxd3 e6 11. Bf4 Qa5+ 12. c3 Nbd7 13. Ne4 Nxe4 14. Qxe4 Nf6 15. Qd3 Nxh5 16. Be5 Nf6 17. Ng5 Nd7 18. f4 Qd5 19. O-O-O Nxe5 20. fxe5 Be7 21. Ne4 Qxa2 22. Qg3 g6 23. Qf4 h5 24. g4 h4 25. g5 Rf8 26. Rxh4 Qa1+ 27. Kc2 Qa4+ 28. Kc1 Rd8 29. Rh7 c5 30. d5 Qa1+ 31. Kc2 Qa4+ 32. Kc1 Qa1+ 33. Kc2 Qa4+ 34. Kc1 1/2-1/2


[Site "https://www.chess.com"]

[Event "Titled Tuesday Blitz June 20 Early 2023"]
[White "Babazada, Khazar"]
[Black "Kuzmin, Roman"]
[WhiteFideId "13413554"]
[BlackFideId "44134932"]
[WhiteElo "2369"]
[BlackElo "2122"]
[Result "0-1"]
[Round "3"]
[TimeControl "180+2"]
[Date "2023.06.20"]
[WhiteClock "0:00:00"]
[BlackClock "0:00:08"]
[Board "76"]

1. e4 c5 2. Nf3 d6 3. d4 cxd4 4. Nxd4 Nf6 5. Nc3 a6 6. Be2 e5 7. Nb3 Be7 8. g4 h6 9. h4 Nh7 10. g5 Nf8 11. gxh6 gxh6 12. Nd5 Be6 13. Be3 Nbd7 14. Bg4 Bxd5 15. exd5 Bxh4 16. Qf3 Bg5 17. O-O-O Ng6 18. Nd2 Nh4 19. Qh3 Nf6 20. f4 exf4 21. Bd4 Qa5 22. Nc4 Qxa2 23. Rhe1+ Kf8 24. Nb6 f3+ 25. Re3 Re8 26. Re1 f2 27. Rf1 Nxg4 28. Qxg4 Qa1+ 29. Kd2 Qxf1 30. Nd7+ Kg8 31. Nf6+ Kf8 32. Nd7+ Kg8 33. Nf6+ Kg7 34. Nxe8+ Kg6 35. Qe4+ f5 36. Qe6+ Kh5 37. Kc3 Bxe3 38. Nf6+ Kg6 39. Nh7+ Kh5 40. Nf6+ Kg6 41. Ne4+ Kh5 42. Ng3+ Kg4 43. Nxf1 Bxd4+ 44. Kxd4 Nf3+ 45. Ke3 Ng5 46. Qd7 Rf8 47. Kxf2 Rf7 48. Nh2+ Kh3 49. Qe6 Nxe6 50. dxe6 Re7 51. Nf3 Rxe6 52. Nd4 Re4 53. Nxf5 Rf4+ 0-1


[Site "https://www.chess.com"]

[Event "Titled Tuesday Blitz June 20 Early 2023"]
[White "Kochiev, Ivan"]
[Black "Grigoriants, Sergey"]
[WhiteFideId "2917890"]
[BlackFideId "4130804"]
[WhiteElo "2287"]
[BlackElo "2502"]
[Result "0-1"]
[Round "3"]
[TimeControl "180+2"]
[Date "2023.06.20"]
[WhiteClock "0:00:07"]
[BlackClock "0:00:10"]
[Board "77"]

1. e4 c5 2. Nf3 Nc6 3. d4 cxd4 4. Nxd4 Nf6 5. Nc3 e5 6. Ndb5 d6 7. Bg5 a6 8. Na3 b5 9. Nd5 Be7 10. Bxf6 Bxf6 11. c4 b4 12. Nc2 Rb8 13. b3 Bg5 14. Be2 O-O 15. O-O Kh8 16. Bg4 Be6 17. Nce3 g6 18. Qd3 Qd7 19. Be2 f5 20. Rfd1 Qa7 21. exf5 gxf5 22. a3 f4 23. Nf1 Bf5 24. Qf3 e4 25. Qh5 Qg7 26. Bg4 bxa3 27. Rxa3 Bxg4 28. Qxg4 Ne5 29. Qh5 f3 30. g3 Rg8 31. Rxa6 Rxb3 32. Rxd6 Nxc4 33. Re6 Rd3 34. Rxd3 exd3 35. Qxf3 d2 36. Rc6 Qd4 37. Nc3 Ne5 38. Qd1 Nxc6 0-1


[Site "https://www.chess.com"]

[Event "Titled Tuesday Blitz June 20 Early 2023"]
[White "Rodriguez, Santiago"]
[Black "Timofeev, Artyom"]
[WhiteFideId "3000591"]
[BlackFideId "4140419"]
[WhiteElo "2249"]
[BlackElo "2570"]
[Result "0-1"]
[Round "3"]
[TimeControl "180+2"]
[Date "2023.06.20"]
[WhiteClock "0:00:01"]
[BlackClock "0:00:04"]
[Board "78"]

1. d4 d5 2. Bf4 c5 3. e3 Nc6 4. Nc3 a6 5. Nf3 Bg4 6. h3 Bxf3 7. Qxf3 e6 8. dxc5 Bxc5 9. O-O-O Nge7 10. Qg4 O-O 11. Bd3 Bb4 12. h4 Bxc3 13. bxc3 Qa5 14. Kd2 d4 15. exd4 Nxd4 16. h5 Rac8 17. Ke1 Qxc3+ 18. Kf1 Ndf5 19. Qf3 b5 20. g4 Nd4 21. Qe4 f5 22. gxf5 Qc6 23. f6 Qxe4 24. Bxe4 Nec6 25. Rg1 Rxf6 26. Rxd4 Nxd4 27. Be5 Nf3 28. Bxf3 Rxf3 29. Rxg7+ Kf8 30. Rxh7 Rxc2 31. Bg3 Rf5 32. h6 Rh5 33. Kg2 Rc1 34. Bd6+ Ke8 35. Rh8+ Kd7 36. Bf4 Rch1 37. Rh7+ Kc6 38. Ra7 Kb6 39. Re7 Rxh6 40. Bxh6 Rxh6 41. Kf3 Ka5 42. Ke4 Rf6 43. f4 Ka4 44. Ra7 a5 45. Ke5 Rf5+ 46. Ke4 b4 47. Ra6 Ka3 48. Rxe6 Rf8 49. Ra6 a4 50. f5 Re8+ 51. Kf4 Re2 52. f6 Rxa2 53. Ke5 Rf2 54. Ke6 b3 55. Ke7 b2 56. Rb6 Ka2 57. f7 Rxf7+ 58. Kxf7 b1=Q 59. Rxb1 Kxb1 0-1


[Site "https://www.chess.com"]

[Event "Titled Tuesday Blitz June 20 Early 2023"]
[White "a-z30"]
[Black "Elsa167"]
[WhiteElo "2504"]
[BlackElo "2839"]
[Result "1-0"]
[Round "3"]
[TimeControl "180+2"]
[Date "2023.06.20"]
[WhiteClock "0:00:10"]
[BlackClock "0:00:31"]
[Board "79"]

1. d3 e5 2. Nf3 Nc6 3. g3 g6 4. Bg2 Bg7 5. O-O d6 6. c4 Nf6 7. Nc3 O-O 8. Rb1 a5 9. b3 h6 10. Bb2 Be6 11. e3 Qd7 12. d4 exd4 13. Nxd4 Nxd4 14. Qxd4 Bh3 15. Nd5 Ne8 16. Qxg7+ Nxg7 17. Nf6+ Kh8 18. Nxd7 Bxd7 19. Bxb7 Rab8 20. Bd5 Kh7 21. Bc3 a4 22. b4 Nf5 23. b5 Ne7 24. Be4 Be6 25. Bd3 Nc8 26. Rfc1 Nb6 27. Bd4 Nd7 28. a3 Nc5 29. Bxc5 dxc5 30. Rd1 Rfd8 31. Be2 Kg7 32. Kf1 Kf6 33. Ke1 Ke7 34. Rxd8 Rxd8 35. Rd1 Rh8 36. Kd2 g5 37. Kc3 h5 38. Bf3 h4 39. g4 h3 40. Rg1 Kf6 41. Bd1 Ke5 42. Bc2 Rh6 43. f3 Rf6 44. Rg3 Rh6 45. Bxa4 f5 46. gxf5 Kxf5 47. Bc2+ Kf6 48. a4 Rh4 49. Bd3 Rh8 50. a5 Ra8 51. a6 c6 52. Bf1 Ke5 53. Bxh3 Bf7 54. Bf1 Kd6 55. Rxg5 Be8 56. e4 cxb5 57. cxb5 Kc7 58. Re5 Kb6 59. Re6+ Ka5 60. b6 Bd7 61. Rd6 Bc8 62. b7 Rb8 63. bxc8=Q Rxc8 64. a7 c4 65. Bxc4 Re8 66. Ra6# 1-0


[Site "https://www.chess.com"]

[Event "Titled Tuesday Blitz June 20 Early 2023"]
[White "Zheenbekov, Nurgazy"]
[Black "Kovalenko, Igor"]
[WhiteFideId "13800485"]
[BlackFideId "14117908"]
[WhiteElo "1975"]
[BlackElo "2574"]
[Result "0-1"]
[Round "3"]
[TimeControl "180+2"]
[Date "2023.06.20"]
[WhiteClock "0:00:00"]
[BlackClock "0:02:05"]
[Board "80"]

1. e4 d5 2. exd5 Qxd5 3. Nc3 Qa5 4. d4 Nf6 5. Nf3 c6 6. Be2 Bf5 7. O-O e6 8. a3 Nbd7 9. Bf4 Be7 10. b4 Qd8 11. Nh4 Bg6 12. Nxg6 hxg6 13. h3 Nd5 14. Bd2 N7f6 15. Na4 Qc7 16. Nc5 b6 17. Na6 Qb7 18. c4 Nc7 19. Nxc7+ Qxc7 20. Bf3 Rd8 21. Be3 e5 22. Qa4 e4 23. Be2 O-O 24. f3 Rfe8 25. fxe4 Nxe4 26. Bf3 Bf6 27. Qc2 Ng3 28. Rfe1 Rxe3 29. Rxe3 Bxd4 30. Re1 Nf5 0-1


[Site "https://www.chess.com"]

[Event "Titled Tuesday Blitz June 20 Early 2023"]
[White "Quesada Perez, Yuniesky"]
[Black "Lehtosaari, Mauri"]
[WhiteFideId "3504409"]
[BlackFideId "501999"]
[WhiteElo "2585"]
[BlackElo "2503"]
[Result "1-0"]
[Round "3"]
[TimeControl "180+2"]
[Date "2023.06.20"]
[WhiteClock "0:00:45"]
[BlackClock "0:00:00"]
[Board "81"]

1. e4 c5 2. Nf3 e6 3. d4 cxd4 4. Nxd4 Nc6 5. Nc3 Qc7 6. f4 a6 7. Nxc6 bxc6 8. Bd3 d5 9. O-O Bc5+ 10. Kh1 h5 11. Qe2 Ne7 12. Na4 Ba7 13. c4 d4 14. c5 h4 15. h3 Ng8 16. f5 e5 17. Bg5 Nf6 18. Qf2 Qa5 19. b3 Bxc5 20. Nxc5 Qxc5 21. Bxh4 Qd6 22. Rac1 Bd7 23. Bg3 a5 24. Qc2 Nh5 25. Bh2 Nf6 26. Qc5 Qxc5 27. Rxc5 a4 28. b4 a3 29. Bxe5 Ra4 30. Rb1 O-O 31. Bxd4 Re8 32. Re5 Rb8 33. Bc3 Ne8 34. Ra5 1-0


[Site "https://www.chess.com"]

[Event "Titled Tuesday Blitz June 20 Early 2023"]
[White "Rodchenkov, Sergey D."]
[Black "Hambleton, Aman"]
[WhiteFideId "4168712"]
[BlackFideId "2606577"]
[WhiteElo "2277"]
[BlackElo "2511"]
[Result "1-0"]
[Round "3"]
[TimeControl "180+2"]
[Date "2023.06.20"]
[WhiteClock "0:00:09"]
[BlackClock "0:00:00"]
[Board "82"]

1. e4 b6 2. d4 Bb7 3. Bd3 e6 4. Qe2 d5 5. exd5 Qxd5 6. Nf3 Nf6 7. Nc3 Bb4 8. O-O Bxc3 9. bxc3 Qh5 10. Ne5 Qxe2 11. Bxe2 Nbd7 12. Nxd7 Nxd7 13. Ba3 O-O-O 14. f3 Rhe8 15. Kf2 e5 16. Bb5 a6 17. Bc4 f6 18. Bf7 Rh8 19. Be7 Rde8 20. Bxe8 Rxe8 21. Ba3 e4 22. fxe4 Bxe4 23. Rae1 f5 24. c4 b5 25. cxb5 axb5 26. Bc5 Nf6 27. h3 Kd7 28. Rb1 Bxc2 29. Rb2 Bd3 30. Rc1 Ra8 31. Kg1 c6 32. a3 h5 33. Rd2 Bc4 34. Rf2 g6 35. Rb2 Ne4 36. Rb4 Ke6 37. a4 Kd5 38. axb5 cxb5 39. Rbb1 Ra2 40. Ra1 Re2 41. Re1 Rc2 42. Ra6 f4 43. Rxg6 Bd3 44. Rh6 Kc4 45. Rxh5 b4 46. Rh8 b3 47. Rb8 b2 48. Ba3 f3 49. gxf3 Ng5 50. Rf8 Nxh3+ 51. Kh1 Nf2+ 52. Kg1 Nh3+ 53. Kh1 Be2 54. Rc8+ Kb3 55. Rxc2 b1=Q 56. Rxb1+ Kxc2 57. Rb2+ Kd3 58. Kg2 Nf4+ 59. Kg3 Nd5 60. Bb4 1-0


[Site "https://www.chess.com"]

[Event "Titled Tuesday Blitz June 20 Early 2023"]
[White "Simonian, Hrair"]
[Black "Shuvalov, Evgenij"]
[WhiteFideId "13302337"]
[BlackFideId "4187237"]
[WhiteElo "2447"]
[BlackElo "2080"]
[Result "1/2-1/2"]
[Round "3"]
[TimeControl "180+2"]
[Date "2023.06.20"]
[WhiteClock "0:00:11"]
[BlackClock "0:00:11"]
[Board "83"]

1. e4 e6 2. d4 d5 3. Nc3 Bb4 4. e5 c5 5. Bd2 Ne7 6. Nce2 Bxd2+ 7. Qxd2 cxd4 8. f4 Nbc6 9. Nf3 O-O 10. O-O-O f6 11. Nexd4 fxe5 12. fxe5 Bd7 13. Bd3 Rc8 14. Kb1 Nxd4 15. Nxd4 Nc6 16. Nf3 Qb6 17. Qe2 h6 18. g4 Nb4 19. g5 h5 20. Nd4 Nxd3 21. Qxd3 Rf4 22. c3 Rf2 23. Rd2 Rcf8 24. Rhd1 Be8 25. b3 a5 26. Kb2 a4 27. Qe3 Rxd2+ 28. Rxd2 axb3 29. axb3 Bg6 30. Qh3 Re8 31. Rf2 Qc7 32. Qg3 Qe7 33. Qh3 Qc7 34. Qe3 Qe7 35. Rf1 Rf8 36. Rxf8+ Kxf8 37. Qf2+ Kg8 38. Qf4 Qf7 39. Qxf7+ Kxf7 40. h4 Be4 41. Kc1 Bg2 42. Kd2 Bh3 43. Ke3 Ke7 44. Nb5 Kd7 45. Kd4 Kc6 46. Nd6 b6 47. Ne8 g6 48. Nd6 Bg2 49. Nf7 Be4 50. Nd8+ Kd7 51. Nb7 Kc6 52. Nd6 Bb1 53. Ne8 Kd7 54. Nf6+ Kc6 55. c4 dxc4 56. Kxc4 Bf5 57. b4 b5+ 58. Kd4 Bb1 59. Ng8 Bc2 60. Nh6 Bb1 61. Nf7 Bf5 62. Nd6 Bb1 63. Nc8 Bc2 64. Ne7+ Kb6 65. Ng8 Kc6 66. Nf6 Bb1 67. Nh7 Bc2 68. Nf8 Bf5 69. Nh7 Kb6 70. Nf6 Kc6 71. Ne4 Bxe4 72. Kxe4 Kb6 73. Kd4 Kc6 74. Ke4 Kb6 75. Kd4 Kc6 76. Ke4 1/2-1/2


[Site "https://www.chess.com"]

[Event "Titled Tuesday Blitz June 20 Early 2023"]
[White "Ginzburg, Yakov"]
[Black "Hammer, Jon Ludvig"]
[WhiteFideId "4157176"]
[BlackFideId "1503707"]
[WhiteElo "2305"]
[BlackElo "2592"]
[Result "0-1"]
[Round "3"]
[TimeControl "180+2"]
[Date "2023.06.20"]
[WhiteClock "0:00:00"]
[BlackClock "0:01:11"]
[Board "84"]

1. d4 c5 2. c3 Nf6 3. Nf3 g6 4. g3 b6 5. Bg2 Bb7 6. O-O Bg7 7. a4 O-O 8. a5 Na6 9. axb6 axb6 10. Bg5 h6 11. Bf4 d6 12. Qc1 g5 13. Be3 Nc7 14. Rxa8 Qxa8 15. Nbd2 Ncd5 16. Bxg5 hxg5 17. Nxg5 Nxc3 18. bxc3 Bxg2 19. Re1 Bc6 20. e4 Bh6 21. h4 Bxg5 22. hxg5 Nxe4 23. g6 fxg6 24. Nxe4 Bxe4 25. Qg5 Rf7 26. g4 Qd5 0-1


[Site "https://www.chess.com"]

[Event "Titled Tuesday Blitz June 20 Early 2023"]
[White "Aggelis, Nikolaos"]
[Black "Sethuraman, S.P."]
[WhiteFideId "4213220"]
[BlackFideId "5021596"]
[WhiteElo "2189"]
[BlackElo "2543"]
[Result "0-1"]
[Round "3"]
[TimeControl "180+2"]
[Date "2023.06.20"]
[WhiteClock "0:00:12"]
[BlackClock "0:00:23"]
[Board "85"]

1. c4 e6 2. g3 Nf6 3. Bg2 d5 4. Nf3 dxc4 5. Qa4+ Nbd7 6. Qxc4 a6 7. d4 b5 8. Qc2 Bb7 9. O-O c5 10. Rd1 Rc8 11. Qd2 c4 12. Nc3 b4 13. Na4 Be7 14. Ne5 Bxg2 15. Kxg2 Qa5 16. Nxd7 Nxd7 17. Qc2 O-O 18. Kg1 Rfd8 19. Bf4 Nf6 20. Rac1 Nd5 21. Bd2 Qb5 22. Be1 h6 23. h4 b3 24. axb3 cxb3 25. Qxc8 Rxc8 26. Rxc8+ Kh7 27. Nc3 Nxc3 28. Bxc3 Qxe2 29. Ra1 f5 30. d5 f4 31. Re1 Qf3 32. Be5 Bb4 33. Rf1 fxg3 34. Bxg3 Qxd5 35. Rb8 Bc5 36. Rb7 Qxb7 0-1


[Site "https://www.chess.com"]